 Dungeon Crawl Stone Soup version 0.27-a0-1081-ge8a0a9c698 (webtiles) character file.

Game seed: 9538492106519876738

21 shoop the Grasshopper (level 2, -1/23 HPs)
             Began as a Barachi Warper on Apr 26, 2021.
             Slain by a quokka (5 damage)
             ... on level 1 of the Dungeon.
             The game lasted 00:00:54 (664 turns).

shoop the Grasshopper (Barachi Warper)               Turns: 664, Time: 00:00:55

Health: -1/23      AC:  3    Str: 12    XL:     2   Next: 87%
Magic:  5/5        EV: 11    Int: 13    God:
Gold:   61         SH:  0    Dex: 11    Spells: 5/5 levels left

rFire    . . .     SeeInvis .   a - +0 falchion
rCold    . . .     Faith    .   (no shield)
rNeg     . . .     Spirit   .   b - +0 leather armour
rPois    .         Reflect  .   (no helmet)
rElec    .         Harm     .   (no cloak)
rCorr    .         Rampage  .   (no gloves)
Will     .....                  (no boots)
Stlth    +.........             (no amulet)
HPRegen  0.07/turn              (no ring)
MPRegen  0.09/turn              (no ring)

@: slow
A: amphibious, slowness 1, strong legs 1, +LOS
a: Hop


You were on level 1 of the Dungeon.
You visited 1 branch of the dungeon, and saw 1 of its levels.

You collected 61 gold pieces.

Inventory:

Hand Weapons
 a - a +0 falchion (weapon)
Missiles
 e - 5 boomerangs of dispersal (quivered)
Armour
 b - a +0 leather armour (worn)
Scrolls
 c - 2 scrolls of immolation {unknown}
 d - a scroll of blinking
 f - a scroll of enchant armour {unknown}
 g - a scroll of noise {unknown}
 h - 2 scrolls of teleportation {unknown}
Potions
 i - 2 potions of lignification {unknown}


   Skills:
 + Level 2.4 Fighting
 + Level 2.9 Long Blades
 + Level 1.0 Throwing
 + Level 1.2 Armour
 + Level 2.2 Dodging
 + Level 2.2 Spellcasting
 + Level 4.0 Translocations


You had 5 spell levels left.
You didn't know any spells.
Your spell library contained the following spells:

 Spells                   Type           Power      Damage    Failure   Level
 Blink                    Tloc           N/A        N/A       9%          2
 Gell's Gravitas          Tloc           6%         N/A       19%         3
 Lesser Beckoning         Tloc           6%         N/A       19%         3
 Teleport Other           Tloc           12%        N/A       19%         3
 Manifold Assault         Tloc           12%        N/A       86%         5


Dungeon Overview and Level Annotations

Branches:
Dungeon (1/15)

Altars:


Innate Abilities, Weirdness & Mutations

You are amphibious.
You cover ground slowly.
You can hop short distances.
You have an extended range of vision and can be seen from far away.


Message History

You hit the dart slug.
The dart slug is heavily wounded.
The dart slug bites you. The quokka barely misses you.
You hit the dart slug.
The dart slug is almost dead.
The quokka bites you. The dart slug launches a dart at you.
The slug dart misses you.
You hit the dart slug but do no damage.
The dart slug is almost dead.
The quokka completely misses you. The dart slug launches a dart at you.
The slug dart hits you.
You hit the dart slug.
You kill the dart slug!
The quokka closely misses you. x2
Your Translocations skill increases to level 4!
You hit the quokka.
The quokka is heavily wounded.
The quokka misses you.
You riposte.
You hit the quokka but do no damage.
The quokka is heavily wounded.
You barely miss the quokka.
The quokka is heavily wounded.
The quokka bites you. x2
You are too injured to fight recklessly!
You are too injured to fight recklessly!
You are too injured to fight recklessly!
You are too injured to fight recklessly!
The quokka bites you.
You see here a scroll labelled VEOQ WA ORGHAOZ.
You barely miss the quokka.
The quokka is heavily wounded.
The quokka bites you.
* * * LOW HITPOINT WARNING * * *
The quokka bites you.
* * * LOW HITPOINT WARNING * * *
You closely miss the quokka.
The quokka is heavily wounded.
The quokka bites you.
You die...

#############
##.....#.....#
##.............
#..[...........
#..............
###.....@r.......
#########................
..........#..............
.........................
#############...........#
# ###.[.8....##
#..8.8...# #####
..8._.8.!# ....#
...8.8...#


You could see a quokka.

Vanquished Creatures
  A dart slug (D:1)
  A ball python (D:1)
  A bat (D:1)
  2 endoplasms (D:1)
  A giant cockroach (D:1)
  4 goblins (D:1)
  2 hobgoblins (D:1)
  A frilled lizard (D:1)
  4 rats (D:1)
17 creatures vanquished.

Notes
Turn   | Place    | Note
-------+----------+-------------------------------------------
     0 | D:1      | shoop the Barachi Warper began the quest for the Orb.
     0 | D:1      | Reached XP level 1. HP: 17/17 MP: 3/3
   140 | D:1      | Reached XP level 2. HP: 23/23 MP: 5/5
   178 | D:1      | Found a faded altar of an unknown god.
   660 | D:1      | Reached skill level 4 in Translocations
   664 | D:1      | Slain by a quokka

Illustrated notes

Levels and vault maps discovered:
D:1:      onia_arrival_handbag, layout_rooms,
          chequers_ecumenical_altar_simple_redux, supply_closet_lemuel

Skill      XL: |  1  2 |
---------------+-------+-----
Translocations | 4 |  4.0
Fighting       | |  2.4
Long Blades    | |  2.9
Throwing       | |  1.0
Armour         | |  1.2
Dodging        | |  2.2
Spellcasting   | |  2.2

Action                   || total
-------------------------++-------
Melee: Falchion          ||    56
Armor: Leather armour    ||    21
Dodge: Dodged            ||    51
       Rpst.: Falchion   ||    15

Table legend: (Time is in decaauts)
 A = Elapsed time spent in this place.
 B = Non-inter-level travel time spent in this place.
 C = Inter-level travel time spent in this place.
 D = Time resting spent in this place.
 E = Time spent auto-exploring this place.
 F = Levels seen in this place.
 G = Mean time per level.
                   A        B        C        D        E       F      G
               +--------+--------+--------+--------+--------+-----+--------+
         Total |    750 |    750 |      0 |      0 |    614 |   1 |  750.0 |
       Dungeon |    750 |    750 |      0 |      0 |    614 |   1 |  750.0 |
               +--------+--------+--------+--------+--------+-----+--------+

Top non-repeatable levels by time:
     D:1: 750 daAuts
